 Dungeon Crawl Stone Soup version 0.18.1-5-g4a78601 (webtiles) character file.

20252 inmateoo the Basher (level 12, -4/130 HPs)
             Began as an Ogre Wizard on May 14, 2016.
             Was a High Priest of Okawaru.
             Slain by an enchanted long sword (21 damage)
             ... on level 13 of the Dungeon.
             The game lasted 00:25:57 (15482 turns).

inmateoo the Basher (Ogre Wizard)                  Turns: 15482, Time: 00:25:58

Health: -4/130     AC: 13    Str: 19    XL:     12   Next: 77%
Magic:  19/23      EV: 13    Int: 19    God:    Okawaru [*****.]
Gold:   657        SH:  2    Dex: 12    Spells: 6 memorised, 7 levels left

rFire  . . .     SeeInvis .     o - +0 giant spiked club (venom)
rCold  . . .     Gourm    .     m - +1 robe of Spring {Dex+4}
rNeg   + . .     Faith    .     (shield currently unavailable)
rPois  .         Spirit   .     D - +1 hat
rElec  .         Dismiss  .     k - +1 cloak
rCorr  .         Reflect  .     (gloves unavailable)
SustAt .         Harm     .     (boots unavailable)
MR     +....                    x - amulet of rage
Stlth  ++........               a - +4 ring of protection
                                i - ring of positive energy

@: about to teleport, repel missiles, somewhat resistant to hostile
enchantments, unstealthy
A: unfitting armour, large bone plates 1, clever 1, tough skin 1, no device heal
1
a: Heroism, Finesse, Renounce Religion, Evoke Berserk Rage


You were on level 13 of the Dungeon.
You worshipped Okawaru.
Okawaru was extremely pleased with you.
You were hungry.

You visited 1 branch of the dungeon, and saw 13 of its levels.

You collected 657 gold pieces.

Inventory:

Hand Weapons
 o - a +0 giant spiked club of venom (weapon)
 r - a +2 mace of crushing
 B - a +0 whip
 P - a +0 dire flail
 V - a +2 giant spiked club of chaos
Armour
 k - a +1 cloak (worn)
 m - the +1 robe of Spring (worn) {Dex+4}
   (You found it on level 4 of the Dungeon)

   It affects your dexterity (+4).
 D - a +1 hat (worn)
Rods
 I - a +0 rod of inaccuracy (10/10)
   (You found it on level 7 of the Dungeon)
Jewellery
 a - a +4 ring of protection (right hand)
 i - a ring of positive energy (left hand)
 x - an amulet of rage (around neck)
 y - an uncursed ring of sustain attributes
Wands
 f - a wand of lightning (15/15)
 h - a wand of polymorph (0/24)
 v - a wand of polymorph (10/24)
 M - a wand of disintegration (10/24)
 U - a wand of iceblast (7/15)
Scrolls
 e - 3 scrolls of enchant armour
 u - a scroll of recharging
 z - 2 scrolls of magic mapping
 A - a scroll of holy word
 H - a scroll of remove curse
 K - 2 scrolls of teleportation
 L - 2 scrolls of identify
Potions
 g - a potion of invisibility
 j - 3 potions of flight
 l - 4 potions of curing
 p - 2 potions of agility
 q - a potion of resistance
 t - a potion of lignification
 w - a potion of magic
 C - a potion of cancellation
 F - a potion of cure mutation
 G - 3 potions of might
 N - a potion of brilliance
 O - a potion of berserk rage
Books
 b - a book of Changes

   Spells                             Type                      Level
   a - Beastly Appendage              Transmutation                1
   b - Sticks to Snakes               Transmutation                2
   c - Spider Form                    Transmutation/Poison         3
   d - Ice Form                       Ice/Transmutation            4
   e - Blade Hands                    Transmutation                5
 c - a book of Minor Magic

   Spells                             Type                      Level
   a - Magic Dart                     Conjuration                  1
   b - Blink                          Translocation                2
   c - Call Imp                       Summoning                    2
   d - Repel Missiles                 Charms/Air                   2
   e - Slow                           Hexes                        2
   f - Conjure Flame                  Conjuration/Fire             3
   g - Mephitic Cloud                 Conjuration/Poison/Air       3
 J - a book of Enchantments

   Spells                             Type                      Level
   a - Cause Fear                     Hexes                        4
   b - Yara's Violent Unravelling     Hexes/Transmutation          5
   c - Silence                        Hexes/Air                    5
   d - Deflect Missiles               Charms/Air                   6
   e - Haste                          Charms                       6
   f - Discord                        Hexes                        8
Comestibles
 d - 6 bread rations
 n - 11 royal jellies
 s - 6 meat rations
 E - 7 fruits
 S - 2 beef jerkies


   Skills:
 + Level 11.4 Fighting
 * Level 14.9 Maces & Flails
 + Level 5.0 Armour
 + Level 7.4 Dodging
 - Level 1.5 Stealth
 + Level 7.7 Spellcasting
 - Level 0.6 Conjurations
 + Level 4.6 Charms
 - Level 0.6 Summonings
 - Level 0.6 Translocations
 + Level 6.4 Invocations


You had 7 spell levels left.
You knew the following spells:

 Your Spells              Type           Power        Failure   Level  Hunger
a - Magic Dart            Conj           #...         10%         1    None
b - Blink                 Tloc           N/A          12%         2    None
c - Call Imp              Summ           #.......     12%         2    None
d - Repel Missiles        Chrm/Air       ###...       8%          2    None
e - Deflect Missiles      Chrm/Air       ###.......   100%        6    ######.
f - Haste                 Chrm           ####....     99%         6    ######.


Dungeon Overview and Level Annotations

Branches:
Dungeon (13/15)            Temple (0/1) D:4            Lair (0/8) D:9
    Orc (0/2) D:12
 Vaults: D:13-14

Altars:
Cheibriados
Kikubaaqudgha
Makhleb
Okawaru
Pakellas
Trog
Vehumet
Zin

Annotations:
D:6 1 runed door


Innate Abilities, Weirdness & Mutations

You are too large for most types of armour.
You have tough skin (AC +1).
You are partially covered in large bone plates (AC +2, SH +2).
Your mind is acute. (Int +2)
Potions and wands are less effective at restoring your health.


Message History

Confirm with . or Enter, or press ? or * to list all spells.
A beastly little devil appears in a puff of frigid air.
Unknown command.
You feel like a meek peon again. The enchanted long sword hits you.
* * * LOW HITPOINT WARNING * * *
You swap places.
The enchanted long sword hits your white imp!
Your white imp dies!
Your shadow imp closely misses the enchanted long sword.
The enchanted long sword hits you.
* * * LOW HITPOINT WARNING * * *
Read which item? (? for menu, Esc to quit)
As you read the scroll of teleportation, it crumbles to dust.
You feel strangely unstable. The enchanted long sword hits you.
* * * LOW HITPOINT WARNING * * *
Unknown command.
Drink which item? (? for menu, Esc to quit)
You feel better. The enchanted long sword hits you!!
You die...

#.#### #....#
#.##.......
#.# .......
#5# ....=#?
#.# ....##
####.# ......
#.(5.#
....###
#####@####
.....
#.......##...
+............
#.##....#####
#.###.#.# #.#
#<#.# #.#
#.#.# #+#
#.###.#.# #.#
#.......#


You could see an enchanted long sword and a friendly shadow imp.

Vanquished Creatures
  Josephine (D:9)
  Fannar (D:11)
  Erolcha (D:12)
  The ghost of nicanaca0 the Severer, a novice MiBe of Trog (D:9)
  Urug (D:12)
  A skeletal warrior (D:9)
  An unseen horror (D:11)
  5 hill giants
  2 ugly things
  2 manticores
  2 gargoyles
  2 trolls (D:9)
  2 flying skulls (D:9)
  2 shadows
  A wyvern (D:10)
  A basilisk (D:12)
  4 hippogriffs
  A steam dragon (D:9)
  2 sky beasts
  3 ice beasts
  9 orc warriors
  7 necrophages
  An eye of draining (D:9)
  2 black bears
  5 centaurs
  11 ogres
  4 wolves (D:9)
  2 phantoms
  3 crocodiles
  2 big kobolds (D:10)
  10 giant frogs
  A gnoll sergeant (D:10)
  3 scorpions
  14 killer bees
  3 wights (D:9)
  A vampire bat (D:5)
  3 howler monkeys
  3 giant frog zombies
  7 crimson imps
  9 hounds
  A centaur zombie (D:9)
  8 jellies
  3 giant frog skeletons
  3 centaur skeletons
  10 orc priests
  5 orc wizards
  7 iguanas
  15 worker ants
  A hound zombie (D:9)
  2 hound skeletons (D:9)
  A river rat (D:9)
  8 adders
  2 shadow imps
  7 oozes
  5 adder skeletons
  4 adder zombies
  A worm (D:3)
  9 giant geckos
  32 orcs
  2 bat skeletons (D:5)
  3 bat zombies (D:5)
  10 giant cockroaches
  2 goblins
  9 hobgoblins
  8 jackals
  6 kobolds
  5 quokkas
  A ball python skeleton (D:4)
  5 bats
  A giant gecko skeleton (D:6)
  A giant gecko zombie (D:9)
  6 giant newts
  A quokka skeleton (D:9)
  6 rats
  A butterfly (D:7)
327 creatures vanquished.

Vanquished Creatures (collateral kills)
  A hill giant (D:9)
  2 trolls
  A two-headed ogre (D:9)
  3 ogres
  A necrophage (D:6)
  Blork the orc (D:6)
  2 scorpions (D:6)
  3 killer bees (D:6)
  A hound (D:6)
  An orc priest (D:3)
  A giant frog skeleton (D:9)
  4 adders
  An adder skeleton (D:9)
  5 orcs
  A bat (D:3)
  2 giant cockroaches (D:6)
  A giant gecko zombie (D:6)
31 creatures vanquished.

Grand Total: 358 creatures vanquished

Notes
Turn   | Place    | Note
--------------------------------------------------------------
     0 | D:1      | inmateoo the Ogre Wizard began the quest for the Orb.
     0 | D:1      | Reached XP level 1. HP: 16/16 MP: 5/5
   155 | D:1      | Reached XP level 2. HP: 17/28 MP: 6/6
   168 | D:1      | HP: 1/29 [jackal (3)]
   186 | D:1      | Learned a level 2 spell: Blink
   189 | D:1      | Learned a level 2 spell: Call Imp
   192 | D:1      | Learned a level 2 spell: Repel Missiles
   994 | D:1      | Reached XP level 3. HP: 22/37 MP: 8/8
  1290 | D:1      | Reached skill level 1 in Maces & Flails
  1523 | D:2      | Noticed an ogre
  1536 | D:2      | Killed an ogre
  1536 | D:2      | Reached skill level 3 in Maces & Flails
  1536 | D:2      | Reached XP level 4. HP: 48/48 MP: 1/9
  1539 | D:2      | Found an oddly glowing altar of Pakellas.
  1549 | D:2      | Found an iron altar of Okawaru.
  1551 | D:2      | Found a burning altar of Makhleb.
  1561 | D:2      | Became a worshipper of Warmaster Okawaru
  1813 | D:2      | Found a radiant altar of Vehumet.
  2164 | D:3      | Found a snail-covered altar of Cheibriados.
  2504 | D:3      | Reached XP level 5. HP: 52/54 MP: 10/10
  2523 | D:3      | Reached skill level 4 in Maces & Flails
  2765 | D:3      | Found a faded altar to an unknown god.
  2790 | D:4      | Noticed an ogre
  2801 | D:4      | Killed an ogre
  2801 | D:4      | Reached skill level 5 in Maces & Flails
  2820 | D:4      | Reached XP level 6. HP: 35/65 MP: 5/11
  2828 | D:4      | Reached skill level 5 in Fighting
  3344 | D:4      | Got a distressingly furry robe
  3355 | D:4      | Identified the +1 robe of Spring {Dex+4} (You found it on level 4 of the Dungeon)
  3383 | D:4      | Found a bloodstained altar of Trog.
  3393 | D:4      | Found a staircase to the Ecumenical Temple.
  3500 | D:4      | Noticed a phantom
  3523 | D:4      | Killed a phantom
  3523 | D:4      | Reached * piety under Okawaru
  3523 | D:4      | Reached skill level 6 in Maces & Flails
  3699 | D:5      | Entered Level 5 of the Dungeon
  3974 | D:5      | Reached XP level 7. HP: 49/74 MP: 8/12
  4031 | D:5      | Reached skill level 7 in Maces & Flails
  4380 | D:5      | Found an ancient bone altar of Kikubaaqudgha.
  4590 | D:6      | Reached ** piety under Okawaru
  4596 | D:6      | Found a runed door.
  4615 | D:6      | Found a runed door.
  4663 | D:6      | Noticed Blork the orc
  4681 | D:6      | Killed Blork the orc
  4684 | D:6      | Reached skill level 8 in Maces & Flails
  4684 | D:6      | Reached XP level 8. HP: 58/84 MP: 2/13
  5029 | D:6      | Reached *** piety under Okawaru
  5029 | D:6      | Reached skill level 9 in Maces & Flails
  5300 | D:6      | Reached skill level 10 in Maces & Flails
  5525 | D:6      | Reached **** piety under Okawaru
  5525 | D:6      | Reached XP level 9. HP: 65/96 MP: 14/14
  6192 | D:7      | Reached skill level 11 in Maces & Flails
  6192 | D:7      | Reached skill level 5 in Dodging
  6273 | D:7      | Identified a +0 rod of inaccuracy (10/10) (You found it on level 7 of the Dungeon)
  6387 | D:7      | Learned a level 6 spell: Deflect Missiles
  6796 | D:8      | Found a glowing silver altar of Zin.
  7196 | D:8      | Noticed a troll
  7207 | D:8      | Killed a troll
  7207 | D:8      | Reached ***** piety under Okawaru
  7207 | D:8      | Reached skill level 1 in Armour
  7207 | D:8      | Reached skill level 1 in Charms
  7207 | D:8      | Reached skill level 1 in Invocations
  7347 | D:9      | Noticed nicanaca0's ghost (novice MiBe)
  7393 | D:9      | Noticed a troll
  7402 | D:9      | Killed a troll
  7552 | D:9      | Noticed Prince Ribbit
  7552 | D:9      | Noticed a two-headed ogre
  7566 | D:9      | Killed a two-headed ogre
  7566 | D:9      | Reached XP level 10. HP: 52/107 MP: 6/16
  7772 | D:9      | Noticed a skeletal warrior
  7810 | D:9      | Reached skill level 12 in Maces & Flails
  7842 | D:9      | Noticed Josephine
  7883 | D:9      | Killed Josephine
  7883 | D:9      | Received a gift from Okawaru
  7980 | D:9      | Reached skill level 5 in Spellcasting
  8179 | D:9      | Killed nicanaca0's ghost
  9263 | D:9      | Reached XP level 11. HP: 82/116 MP: 19/19
  9511 | D:9      | Noticed Prince Ribbit
  9511 | D:9      | Prince Ribbit changed into Prince Ribbit the eye of draining
  9520 | D:9      | Killed Prince Ribbit the eye of draining
  9520 | D:9      | Reached skill level 13 in Maces & Flails
  9534 | D:9      | Found a staircase to the Lair.
  9747 | D:9      | Received a gift from Okawaru
  9953 | D:9      | Killed a skeletal warrior
  9953 | D:9      | Reached skill level 10 in Fighting
 10172 | D:10     | Entered Level 10 of the Dungeon
 10189 | D:10     | Found a snail-covered altar of Cheibriados.
 10341 | D:10     | Noticed a hill giant
 10900 | D:9      | Killed a hill giant
 11002 | D:10     | Noticed a manticore
 11395 | D:10     | Killed a manticore
 11395 | D:10     | Reached skill level 5 in Invocations
 12393 | D:11     | Gained mutation: Potions and wands are less effective at restoring your health. [potion of mutation]
 12393 | D:11     | Gained mutation: You are partially covered in large bone plates (AC +2, SH +2). [potion of mutation]
 12393 | D:11     | Gained mutation: Your mind is acute. (Int +2) [potion of mutation]
 12738 | D:11     | Noticed Fannar
 12745 | D:11     | Noticed a hill giant
 12750 | D:11     | Killed Fannar
 12750 | D:11     | Reached skill level 14 in Maces & Flails
 12750 | D:11     | Reached XP level 12. HP: 112/128 MP: 22/22
 12803 | D:11     | Received a gift from Okawaru
 13711 | D:12     | Noticed Erolcha
 13764 | D:12     | Noticed Urug
 13786 | D:12     | Killed Urug
 14028 | D:12     | Found a staircase to the Orcish Mines.
 14053 | D:12     | Learned a level 6 spell: Haste
 14314 | D:12     | Killed Erolcha
 14847 | D:11     | Reached skill level 5 in Armour
 15482 | D:13     | Slain by an enchanted long sword

Skill      XL: |  1  2  3  4  5  6  7  8  9 10 11 12 |
---------------+-------------------------------------+-----
Fighting       | 2 3 4 5 6 8 9 10 11 | 11.4
Maces & Flails | 3 5 6 8 10 11 12 14 | 14.9
Dodging        | 2 3 4 5 6 7 |  7.4
Armour         | 1 2 4 5 |  5.0
Charms         | 1 2 4 |  4.6
Invocations    | 1 4 5 6 |  6.4
Spellcasting   | 4 5 7 |  7.7
Stealth        | |  1.5
Conjurations   | |  0.6
Summonings     | |  0.6
Translocations | |  0.6

Action                   |  1- 3 |  4- 6 |  7- 9 | 10-12 || total
-------------------------+-------+-------+-------+-------++-------
Melee: Hand axe          |    54 |       |       |       ||    54
       Club              |    22 |       |       |       ||    22
       Mace              |     4 |   154 |   339 |    85 ||   582
       Dire flail        |       |       |       |   349 ||   349
       Giant spiked club |       |       |       |   350 ||   350
 Cast: Repel Missiles    |     1 |     1 |     1 |     5 ||     8
       Call Imp          |     5 |    13 |    34 |    36 ||    88
       Blink             |     1 |       |       |       ||     1
Invok: Heroism           |       |       |       |     4 ||     4
 Abil: Evoke Berserk Rag |       |       |       |     2 ||     2
Evoke: Wand              |       |       |       |     6 ||     6
  Use: Scroll            |     5 |     5 |    16 |     9 ||    35
       Potion            |       |       |       |     5 ||     5
 Stab: Sleeping          |     3 |       |     1 |     2 ||     6
       Distracted        |       |     2 |     2 |     4 ||     8
  Eat: Chunk             |     2 |     7 |    12 |    20 ||    41
       Beef jerky        |       |     1 |     1 |       ||     2
       Pizza             |       |       |       |     2 ||     2
       Meat ration       |       |       |       |     1 ||     1
Armor: Robe              |    18 |    67 |   171 |   290 ||   546
Dodge: Dodged            |    46 |    90 |   236 |   451 ||   823
       Deflected         |       |     1 |     1 |    10 ||    12
Block: Other             |       |       |       |    14 ||    14
